 Dungeon Crawl Stone Soup version 0.32-a0-909-gc671339a80 (webtiles) character file.

Game seed: 16982070588926709242

377 HAL9000 the Slasher (level 6, 0/43 HPs)
             Began as a Demonspawn Chaos Knight on Apr 5, 2024.
             Was a Plaything of Xom.
             Slain by an ogre
             ... wielding a +0 giant spiked club
              (10 damage)
             ... on level 4 of the Dungeon on Apr 7, 2024.
             The game lasted 00:14:32 (2411 turns).

HAL9000 the Slasher (Demonspawn Chaos Knight)       Turns: 2411, Time: 00:14:32

Health: 0/43       AC: 13    Str: 12      XL:     6   Next: 45%
Magic:  15/15      EV:  3    Int: 11      God:    Xom [.*....]
Gold:   181        SH:  0    Dex:  8 (10) Spells: 5/5 levels left

rFire   x . .        a - +0 falchion (chaos)
rCold   + . .        (no shield)
rNeg    . . .        r - +0 plate armour
rPois   +            o - +0 helmet
rElec   .            (no cloak)
rCorr   .            v - +0 pair of gloves
SInv    .            (no boots)
Will    .....        (no amulet) Stlth
                     e - ring of magical power
HPRegen 1.07/turn    k - ring of ice
MPRegen 0.14/turn

%: no passive effects
@: on berserk cooldown, slowed, wreathed by umbra, very slow
A: foul stench 2, sturdy frame 1, foul shadow 1, clumsy 1, deterioration 1,
dopey 1, frail 1, poison resistance, regeneration 1, weak 1
a: Renounce Religion


You were on level 4 of the Dungeon.
You worshipped Xom.
You were a plaything of Xom.
You visited 1 branch of the dungeon, and saw 4 of its levels.

You collected 181 gold pieces.

Inventory:

Hand Weapons
 a - a +0 falchion of chaos (weapon)
Armour
 b - a +2 leather armour
 o - a +0 helmet (worn)
 r - a +0 plate armour (worn)
 v - a +0 pair of gloves (worn)
Jewellery
 e - a ring of magical power (left hand)
 k - a ring of ice (right hand)
Talismans
 x - a flux talisman
 y - a storm talisman
Scrolls
 c - a scroll of butterflies
 j - 2 scrolls of teleportation
 m - a scroll of noise
 p - a scroll of fog {unknown}
 q - a scroll of revelation {unknown}
 s - 3 scrolls of identify {unknown}
 u - 2 scrolls of poison {unknown}
 z - a scroll of enchant weapon {unknown}
Potions
 d - 2 potions of attraction
 f - 2 potions of haste
 g - 2 potions of degeneration {unknown}
 h - a potion of lignification {unknown}
 i - 2 potions of curing {unknown}
 l - a potion of mutation {unknown}
 n - a potion of brilliance {unknown}
 w - a potion of ambrosia {unknown}


   Skills:
 + Level 4.0 Fighting
 * Level 5.9 Long Blades
 + Level 2.5 Armour
 - Level 0.8 Dodging


You had 5 spell levels left.
You didn't know any spells.
Your spell library contained the following spells:

 Spells                   Type           Power      Damage    Failure   Level
 Freeze                   Ice            0%         1d3       100%        1
 Magic Dart               Conj           0%         1d3       100%        1
 Blink                    Tloc           0%         N/A       100%        2
 Lesser Beckoning         Tloc           0%         N/A       100%        2
 Momentum Strike          Conj/Tloc      0%         3d8       100%        2
 Searing Ray              Conj           0%         2d4       100%        2
 Sublimation of Blood     Necr           0%         N/A       100%        2
 Frozen Ramparts          Ice            0%         1d1       100%        3
 Hailstorm                Conj/Ice       0%         3d5       100%        3
 Fulminant Prism          Conj/Alch      0%         3d5       100%        4
 Petrify                  Alch/Erth      0%         N/A       100%        4
 Irradiate                Conj/Alch      0%         3d11      100%        5


Dungeon Overview and Level Annotations

Branches:
Dungeon (4/15)
 Temple: D:4-7

Altars:
Xom

Shops:
D:2 [


Innate Abilities, Weirdness & Mutations

You sometimes emit foul miasma when damaged in melee.
Your movements are slightly less encumbered by armour. (ER -2)
You are faintly shadowed, very rarely releasing foul flame when damaged in melee.
You are clumsy. (Dex -2)
Your body sometimes deteriorates upon taking damage.
You are dopey. (Int -2)
You are frail. (-10% HP)
Your system is resistant to poisons. (rPois)
Your natural rate of healing is unusually fast.
You are weak. (Str -2)


Message History

You feel yourself moving faster!
You feel mighty!
You feel a strong urge to attack something.
The ogre barely misses you.
You feel your anger nearly subside.
You are no longer berserk.
You are exhausted.
You feel yourself slow down.
The ogre hits you with a +0 giant spiked club!
Your body deteriorates!
You feel clumsy.
A shower of butterflies erupts from you!
The ogre hits you with a +0 giant spiked club!
A shower of butterflies erupts from you!
An ogre comes into view. It is wielding a +0 giant club.
A goblin comes into view. It is wielding a +0 club.
You slash the ogre!
You feel better.
The ogre is moderately wounded.
The ogre hits you with a +0 giant spiked club.
Your body deteriorates!
You feel clumsy.
The ogre is seared by the foul flame within you.
The ogre is heavily wounded.
You hit the ogre. You burn the ogre.
The ogre is severely wounded. "Ka-boom!"
The fireball engulfs the goblin!
The goblin dies!
You hear an angry hiss. x2
The ogre hits you with a +0 giant spiked club!!
Ouch! That really hurt!
You die... "Hey, things were just getting interesting!"
Xom revives you!
You emit a cloud of foul miasma!
The ogre is engulfed in dark miasma.
The ogre is poisoned.
The ogre hits your butterfly with a +0 giant club!!
Your butterfly dies!
Your butterfly disappears in a puff of smoke!
You hit the ogre but do no damage.
The ogre seems to grow stronger.
The ogre is almost dead.
The ogre hits you with a +0 giant spiked club!
You die...
Xom chortles!

#############
#...........
.##.........#
.......b....#
..#....b...?#
..)...O○O@..#
##....bbb..#
#.#b##.#### # #
#..### ######
##...####....#
###.........#####.
#.........).....
#.........###...
##...............


You could see 2 ogres.

Vanquished Creatures
  A boggart (D:3)
  A phantom (D:4)
  A jelly (D:3)
  Jessica (D:2)
  6 adders
  4 ribbon worms (D:2)
  2 dart slugs
  7 endoplasms
  4 giant cockroaches
  4 goblins
  6 hobgoblins
  9 jackals
  A quokka (D:2)
  4 ball pythons
  7 bats
  4 frilled lizards
  5 kobolds
  4 rats
71 creatures vanquished.

Vanquished Creatures (others)
  An ogre (D:3)
  A goblin (D:4)
  A jackal (D:3)
3 creatures vanquished.

Grand Total: 74 creatures vanquished

Notes
Turn   | Place    | Note
-------+----------+-------------------------------------------
     0 | D:1      | HAL9000 the Demonspawn Chaos Knight began the quest for the
                  | Orb.
     0 | D:1      | Reached XP level 1. HP: 18/18 MP: 1/1
   207 | D:1      | Reached skill level 3 in Long Blades
   230 | D:1      | Gained mutation: You may rarely emit foul miasma when
                  | damaged in melee. [demonic ancestry]
   230 | D:1      | Reached XP level 2. HP: 24/24 MP: 2/2
   275 | D:1      | XOM: silly message
   288 | D:1      | XOM: divination: magic mapping
   488 | D:1      | Found a faded altar of an unknown god.
   601 | D:1      | XOM: summons 4 hostile shadow creatures
   814 | D:1      | XOM: give mutations
   814 | D:1      | Gained mutation: You are dopey. (Int -2) [Xom's mischief]
   814 | D:1      | Gained mutation: You are weak. (Str -2) [Xom's mischief]
   814 | D:1      | Gained mutation: You have hidden genetic defects. [Xom's
                  | mischief]
   844 | D:1      | Upgraded the game from 0.32-a0-908-g8e5f33bbaa to
                  | 0.32-a0-909-gc671339a80
   872 | D:2      | Gained mutation: You sometimes emit foul miasma when
                  | damaged in melee. [demonic ancestry]
   872 | D:2      | Reached XP level 3. HP: 29/29 MP: 3/3
   886 | D:2      | Gained mutation: You are frail. (-10% HP) [hidden defects]
  1022 | D:2      | Gained mutation: You have terrible hidden genetic defects.
                  | [hidden defects]
  1022 | D:2      | Lost mutation: You have terrible hidden genetic defects.
                  | [hidden defects expressed]
  1109 | D:2      | Reached skill level 4 in Long Blades
  1208 | D:2      | Noticed Jessica
  1214 | D:2      | Killed Jessica
  1215 | D:2      | Gained mutation: Your movements are slightly less
                  | encumbered by armour. (ER -2) [demonic ancestry]
  1215 | D:2      | Reached XP level 4. HP: 26/31 MP: 4/4
  1220 | D:2      | Gained mutation: You are clumsy. (Dex -2) [hidden defects]
  1398 | D:2      | Found Duogedd's Armour Emporium.
  1560 | D:2      | Gained mutation: Your body sometimes deteriorates upon
                  | taking damage. [hidden defects]
  1560 | D:2      | Lost mutation: You have hidden genetic defects. [hidden
                  | defects expressed]
  1635 | D:2      | XOM: give mutations
  1635 | D:2      | Gained mutation: Your system is resistant to poisons.
                  | (rPois) [Xom's grace]
  1635 | D:2      | Gained mutation: Your natural rate of healing is unusually
                  | fast. [Xom's grace]
  1849 | D:3      | Found a shimmering altar of Xom.
  1893 | D:3      | XOM: enchant monster (good)
  1934 | D:3      | Noticed an ogre
  1951 | D:3      | Killed an ogre
  1951 | D:3      | XOM: divine lightning
  1952 | D:3      | Gained mutation: You are faintly shadowed, very rarely
                  | releasing foul flame when damaged in melee. [demonic
                  | ancestry]
  1952 | D:3      | Reached XP level 5. HP: 5/37 MP: 5/5
  2115 | D:3      | a frilled lizard changed into a boggart
  2115 | D:3      | Noticed a boggart
  2115 | D:3      | XOM: polymorph frilled lizard -> boggart
  2119 | D:3      | Killed a boggart
  2120 | D:3      | Reached skill level 5 in Long Blades
  2163 | D:3      | Reached XP level 6. HP: 42/43 MP: 6/6
  2390 | D:4      | XOM: noise
  2406 | D:4      | XOM: butterfly on damage
  2407 | D:4      | XOM: butterfly on damage
  2409 | D:4      | XOM: destruction
  2409 | D:4      | Xom revived you
  2411 | D:4      | Slain by an ogre

Illustrated notes

Levels and vault maps discovered:
D:1:      psy_arrival_heroes, layout_loops_ring, shapermc_ecumenical_altar_venn
D:2:      layout_loops_ring, serial_shops, shop, nicolae_titane, uniq_jessica
D:3:      layout_rooms, xom_teletrap_fun, minmay_misc_feat_four_crosses,
          chequers_serial_rivers_micro_c
D:4:      layout_rooms, mainiacjoe_overflow_boulevard,
          nicolae_sif_muna_little_library, minmay_temple_entry_fiery,
          minmay_misc_feat_cross

Skill      XL: |  1  2  3  4  5  6 |
---------------+-------------------+-----
Long Blades    | 3 4 5 |  5.9
Armour         | 2 |  2.5
Fighting       | 4 |  4.0
Dodging        | |  0.8

Action                     |  1- 3 |  4- 6 || total
---------------------------+-------+-------++-------
  Melee: Falchion          |    95 |   121 ||   216
    Use: Scroll            |     2 |     2 ||     4
         Potion            |       |     5 ||     5
   Stab: Sleeping          |     2 |       ||     2
         Confused          |     1 |       ||     1
         Petrified         |       |     5 ||     5
         Invisible         |       |     1 ||     1
 Armour: Leather armour    |    76 |    75 ||   151
         Plate armour      |       |     9 ||     9
  Dodge: Dodged            |    73 |    75 ||   148

Table legend: (Time is in decaauts)
 A = Elapsed time spent in this place.
 B = Non-inter-level travel time spent in this place.
 C = Inter-level travel time spent in this place.
 D = Time resting spent in this place.
 E = Time spent auto-exploring this place.
 F = Levels seen in this place.
 G = Mean time per level.
                   A        B        C        D        E       F      G
               +--------+--------+--------+--------+--------+-----+--------+
         Total |   2418 |   2384 |     34 |    110 |   1520 |   4 |  604.5 |
       Dungeon |   2418 |   2384 |     34 |    110 |   1520 |   4 |  604.5 |
               +--------+--------+--------+--------+--------+-----+--------+

Top non-repeatable levels by time:
     D:2: 964 daAuts
     D:1: 874 daAuts
     D:3: 508 daAuts
     D:4: 72 daAuts
